 Dungeon Crawl Stone Soup version 0.32-a0-361-g289a535e89 (webtiles) character file.

Game seed: 10022498013192115948

634 AlmostDecent the Skirmisher (level 7, -2/52 HPs)
             Began as a Formicid Hunter on Feb 18, 2024.
             Slain by a lemure (6 damage)
             ... led by Pikel
             ... on level 4 of the Dungeon.
             The game lasted 00:10:20 (3842 turns).

AlmostDecent the Skirmisher (Formicid Hunter)       Turns: 3842, Time: 00:10:20

Health: -2/52      AC:  4    Str: 14 (15) XL:     7   Next: 78%
Magic:  7/7        EV: 12    Int:  8 (9)  God:
Gold:   163        SH:  0    Dex: 16 (19) Spells: 6/6 levels left

rFire   . . .        a - +0 shortbow
rCold   . . .        (no shield)
rNeg    . . .        c - +0 leather armour
rPois   .            (helmet unavailable)
rElec   .            f - +0 cloak
rCorr   .            (no gloves)
SInv    +            (no boots)
Will    +....        (no amulet)
Stlth   ++           (no ring)
HPRegen 0.28/turn    (no ring)
MPRegen 0.10/turn

%: no passive effects
@: mighty, enlightened, flying
A: permanent stasis, dig shafts and tunnels, antennae 3, four strong arms,
mutation resistance 1
a: Dig, Shaft Self


You were on level 4 of the Dungeon.
You visited 1 branch of the dungeon, and saw 4 of its levels.

You collected 163 gold pieces.

Inventory:

Hand Weapons
 a - a +0 shortbow (weapon)
Armour
 c - a +0 leather armour (worn)
 f - a +0 cloak (worn)
Scrolls
 b - a scroll of butterflies
 g - 2 scrolls of identify {unknown}
 h - 2 scrolls of enchant weapon {unknown}
 l - a scroll of fog {unknown}
 o - a scroll of poison {unknown}
Potions
 d - a potion of degeneration
 i - a potion of mutation
 k - a potion of invisibility


   Skills:
 + Level 3.2 Fighting
 * Level 8.1 Ranged Weapons
 + Level 2.2 Armour
 + Level 2.1 Dodging
 + Level 1.5 Stealth


You had 6 spell levels left.
You didn't know any spells.
Your spell library contained the following spells:

 Spells                   Type           Power      Damage    Failure   Level
 Ensorcelled Hibernation  Hex/Ice        0%         N/A       63%         2
 Ozocubu's Armour         Ice            0%         N/A       85%         3
 Passwall                 Erth           0%         N/A       85%         3
 Metabolic Englaciation   Hex/Ice        0%         N/A       100%        5
 Sculpt Simulacrum        Ice/Alch       0%         N/A       100%        6
 Swiftness                Air            Unusable   N/A       N/A         3

Dungeon Overview and Level Annotations

Branches:
Dungeon (4/15)
 Temple: D:4-7

Altars:
Ashenzari

Annotations:
D:4 Pikel


Innate Abilities, Weirdness & Mutations

You cannot be hasted, slowed, berserked, paralysed or teleported.
You can dig through walls and to a lower floor.
You have a pair of large antennae on your head. (SInv)
Your four strong arms can wield two-handed weapons with a shield.
You are somewhat resistant to further mutation.


Message History

The lemure closely misses you.
Fire: a) +0 shortbow
Press: ? - help, Shift-Dir - straight line, f/p - lemure
Aim: a lemure (heavily wounded, unable to see you, 59% to hit)
You shoot an arrow. The arrow hits the lemure.
The lemure is severely wounded.
The lemure misses you.
Fire: a) +0 shortbow
Press: ? - help, Shift-Dir - straight line, f/p - lemure
Aim: a lemure (severely wounded, unable to see you, 59% to hit)
You shoot an arrow. The arrow closely misses the lemure.
The lemure closely misses you.
Fire: a) +0 shortbow
Press: ? - help, Shift-Dir - straight line, f/p - lemure
Aim: a lemure (severely wounded, unable to see you, 59% to hit)
You shoot an arrow. The arrow barely misses the lemure.
The lemure hits you.
* * * LOW HITPOINT WARNING * * *
Fire: a) +0 shortbow
Press: ? - help, Shift-Dir - straight line, f/p - lemure
Aim: a lemure (severely wounded, unable to see you, 59% to hit)
You shoot an arrow. The arrow hits the lemure.
The lemure is severely wounded.
The lemure misses you.
Fire: a) +0 shortbow
Press: ? - help, Shift-Dir - straight line, f/p - lemure
Aim: a lemure (severely wounded, unable to see you, 59% to hit)
You shoot an arrow.
The arrow hits the lemure but does no damage.
The lemure is severely wounded.
The lemure hits you.
* * * LOW HITPOINT WARNING * * *
Pikel waves his whip at you.
Fire: a) +0 shortbow
Press: ? - help, Shift-Dir - straight line, f/p - lemure
Aim: a lemure (severely wounded, unable to see you, 59% to hit)
You shoot an arrow. The arrow closely misses the lemure.
The arrow hits Pikel but does no damage.
You flicker back into view.
The lemure hits you.
You die...

#.##.....# #.### {
#.#..###.## #.#.+ {
....##.#..####.#.#
....#.##.))......+ , #
.....##.).####.#.# .##
.##.....#.####.#.# !...
##.#....#......#.',.....
#.##....##########o.....
###.............@5K.....
....###...###.####......
##......................
##.####....#############
#### ####[.............#
)..###.....#.####.####.#
..#.#.#....#.#..#.#..#.#
.#..#..#.#.#.#..+.'..#.#
#...#...#..#.#'##.####.#


You could see Pikel, a lemure and an orc.

Vanquished Creatures
  An ogre (D:4)
  3 lemures (D:4)
  2 scorpions (D:4)
  2 bombardier beetles (D:4)
  A hound (D:4)
  2 jellies (D:4)
  Terence (D:2)
  Natasha (thrice) (D:2)
  4 adders
  A dart slug (D:1)
  9 orcs
  6 endoplasms
  5 giant cockroaches
  11 goblins
  7 hobgoblins
  11 kobolds
  3 quokkas
  4 ball pythons
  7 bats
  4 frilled lizards
  8 rats
95 creatures vanquished.

Notes
Turn   | Place    | Note
-------+----------+-------------------------------------------
     0 | D:1      | AlmostDecent the Formicid Hunter began the quest for the
                  | Orb.
     0 | D:1      | Reached XP level 1. HP: 16/16 MP: 1/1
   132 | D:1      | Reached XP level 2. HP: 22/22 MP: 2/2
   509 | D:1      | Reached XP level 3. HP: 27/27 MP: 3/3
  1170 | D:2      | Reached skill level 5 in Ranged Weapons
  1170 | D:2      | Noticed Natasha
  1177 | D:2      | Killed Natasha
  1178 | D:2      | Reached XP level 4. HP: 31/34 MP: 4/4
  1199 | D:2      | Noticed Natasha
  1210 | D:2      | Killed Natasha
  1211 | D:2      | Reached skill level 1 in Armour
  1320 | D:2      | Noticed Natasha
  1322 | D:2      | Killed Natasha
  1323 | D:2      | Reached XP level 5. HP: 39/39 MP: 5/5
  1476 | D:2      | Noticed Terence
  1483 | D:2      | Killed Terence
  1484 | D:2      | Reached skill level 6 in Ranged Weapons
  2286 | D:3      | Reached XP level 6. HP: 46/46 MP: 6/6
  2339 | D:3      | Found a faded altar of an unknown god.
  2809 | D:4      | Noticed an ogre
  2815 | D:4      | Killed an ogre
  2819 | D:4      | Reached skill level 7 in Ranged Weapons
  2884 | D:4      | Reached XP level 7. HP: 51/51 MP: 7/7
  3271 | D:4      | Found a broken altar of Ashenzari.
  3420 | D:4      | HP: 1/52 [burnt (4)]
  3626 | D:4      | Reached skill level 8 in Ranged Weapons
  3804 | D:4      | Noticed Pikel
  3812 | D:4      | Gained mutation: Your health recovers twice as slowly from
                  | being drained. [potion of mutation]
  3813 | D:4      | Lost mutation: Your health recovers twice as slowly from
                  | being drained. [potion of mutation]
  3813 | D:4      | Gained mutation: Your body sometimes deteriorates upon
                  | taking damage. [potion of mutation]
  3813 | D:4      | Gained mutation: Your spells are a little harder to cast,
                  | but a little more powerful. [potion of mutation]
  3813 | D:4      | Gained mutation: You are somewhat resistant to further
                  | mutation. [potion of mutation]
  3814 | D:4      | Lost mutation: Your body sometimes deteriorates upon taking
                  | damage. [potion of mutation]
  3814 | D:4      | Lost mutation: Your spells are a little harder to cast, but
                  | a little more powerful. [potion of mutation]
  3842 | D:4      | Slain by a lemure

Illustrated notes

Levels and vault maps discovered:
D:1:      dpeg_arrival_water_fire, layout_loops_corners
D:2:      wad_pebble_path, layout_loops_ring, minmay_misc_feat_cross,
          uniq_natasha, uniq_terence
D:3:      layout_loops_corners, chequers_ecumenical_altar_simple,
          minmay_goblin_outpost
D:4:      minmay_door_path, layout_basic, mainiacjoe_overflow_paths,
          hangedman_decor_diamond_cutter, minmay_bisected, uniq_pikel

Skill      XL: |  1  2  3  4  5  6  7 |
---------------+----------------------+-----
Ranged Weapons | 5 6 7 8 |  8.1
Armour         | 1 2 |  2.2
Dodging        | 2 |  2.1
Fighting       | 3 |  3.2
Stealth        | |  1.5

Action                     |  1- 3 |  4- 6 |  7- 9 || total
---------------------------+-------+-------+-------++-------
   Fire: Shortbow          |    44 |   160 |   153 ||   357
    Use: Potion            |       |       |    11 ||    11
 Armour: Leather armour    |     9 |    39 |    63 ||   111
  Dodge: Dodged            |     3 |    42 |    63 ||   108

Table legend: (Time is in decaauts)
 A = Elapsed time spent in this place.
 B = Non-inter-level travel time spent in this place.
 C = Inter-level travel time spent in this place.
 D = Time resting spent in this place.
 E = Time spent auto-exploring this place.
 F = Levels seen in this place.
 G = Mean time per level.
                   A        B        C        D        E       F      G
               +--------+--------+--------+--------+--------+-----+--------+
         Total |   3879 |   3613 |    266 |      0 |   3010 |   4 |  969.8 |
       Dungeon |   3879 |   3613 |    266 |      0 |   3010 |   4 |  969.8 |
               +--------+--------+--------+--------+--------+-----+--------+

Top non-repeatable levels by time:
     D:1: 1132 daAuts
     D:4: 1059 daAuts
     D:3: 990 daAuts
     D:2: 697 daAuts
